 Dungeon Crawl Stone Soup version 0.18-b1-22-ge198996 (webtiles) character file.

180 graki42 the Conjurer (level 5, 0/28 HPs)
             Began as a Deep Elf Conjurer on May 5, 2016.
             Slain by Eustachio
             ... wielding a +0 rapier
              (4 damage)
             ... on level 4 of the Dungeon.
             The game lasted 00:07:09 (1755 turns).

graki42 the Conjurer (Deep Elf Conjurer)            Turns: 1755, Time: 00:07:09

Health: 0/28       AC:  7    Str:  6    XL:     5   Next: 33%
Magic:  1/22       EV: 13    Int: 20    God:
Gold:   121        SH:  0    Dex: 15    Spells: 4 memorised, 2 levels left

rFire  . . .     SeeInvis .     e - +0 dagger (venom)
rCold  . . .     Gourm    .     a - +0 robe
rNeg   . . .     Faith    .     (no shield)
rPois  .         Spirit   .     v - +1 helmet
rElec  .         Dismiss  .     u - +0 cloak (curse)
rCorr  .         Reflect  .     (no gloves)
SustAt .         Harm     .     d - +1 pair of boots {run}
MR     .....                    (no amulet)
Stlth  ++........               (no ring)
                                r - ring of magical power

@: quick, not resistant to hostile enchantments, unstealthy
A: no striking features
a: no special abilities


You were on level 4 of the Dungeon.
You were not hungry.

You visited 1 branch of the dungeon, and saw 4 of its levels.

You collected 121 gold pieces.

Inventory:

Hand Weapons
 e - a +0 dagger of venom (weapon)
Missiles
 k - 4 poisoned javelins (quivered)
Armour
 a - a +0 robe (worn)
 d - a +1 pair of boots of running (worn)
 u - a cursed +0 cloak (worn)
 v - a +1 helmet (worn)
Jewellery
 r - a ring of magical power (left hand)
Wands
 o - a wand of lightning (8/15)
Scrolls
 i - 2 scrolls of enchant armour {unknown}
 n - 2 scrolls of amnesia {unknown}
 q - 5 scrolls of remove curse {unknown}
 t - 2 scrolls of magic mapping {unknown}
 y - a scroll of identify {unknown}
 A - a scroll of teleportation {unknown}
 B - a scroll of random uselessness {unknown}
Potions
 f - a potion of ambrosia {unknown}
 h - a potion of degeneration {unknown}
 j - a potion of lignification {unknown}
 m - a potion of curing
 s - 2 potions of heal wounds {unknown}
 w - a potion of flight {unknown}
Books
 b - a book of Conjurations

   Spells                             Type                      Level
   a - Magic Dart                     Conjuration                  1
   b - Searing Ray                    Conjuration                  2
   c - Dazzling Spray                 Conjuration/Hexes            3
   d - Fulminant Prism                Conjuration/Hexes            4
   e - Iskenderun's Mystic Blast      Conjuration                  4
   f - Iskenderun's Battlesphere      Conjuration/Charms           5
Comestibles
 c - 3 bread rations
 g - a fruit
 l - 3 beef jerkies
 p - 2 meat rations
 x - a royal jelly


   Skills:
 + Level 3.2 Dodging
 + Level 3.1 Stealth
 + Level 4.4 Spellcasting
 + Level 6.2 Conjurations


You had 2 spell levels left.
You knew the following spells:

 Your Spells              Type           Power        Failure   Level  Hunger
a - Magic Dart            Conj           ####         1%          1    None
b - Searing Ray           Conj           ####..       1%          2    #......
c - Dazzling Spray        Conj/Hex       ###.....     12%         3    ###....
d - Iskenderun's Mystic   Conj           ####....     12%         4    ####...


Dungeon Overview and Level Annotations

Branches:
Dungeon (4/15)
 Temple: D:4-7

Altars:
Gozag
Ru

Annotations:
D:4 Eustachio


Message History

The quokka bites you but does no damage.
The searing ray misses Eustachio.
Eustachio hits you but does no damage.
The quokka bites you but does no damage.
Casting: Searing Ray
Confirm with . or Enter, or press ? or * to list all spells.
Aiming: Searing Ray
Press: ? - help, Shift-Dir - straight line, f/p - Eustachio
Aim: Eustachio, wielding a rapier and wearing a glowing leather armour (severely wounded)
The searing ray hits Eustachio.
Eustachio is severely wounded.
Eustachio hits you with a rapier!
* * * LOW HITPOINT WARNING * * *
The quokka bites you but does no damage.
The searing ray hits Eustachio.
Eustachio is almost dead.
The quokka barely misses you. Eustachio hits you but does no damage.
The searing ray hits Eustachio.
Eustachio is almost dead.
The quokka misses you. Eustachio hits you with a rapier.
You die...

### ... #.# ..# # #
#.##..# #.# ......#
###.## #.##..# #.....
#@##..# ####.###.
#@##..# #....###.
.#####r##..# #.##.##.#
............#
#.##...#.
..#....$##..#
#.####..#
#.######..####.####.#.
..
...........#.>.....#
##
##.#######.........#
#.#######.# #.# .#


You could see Eustachio and a quokka.

Vanquished Creatures
  A crimson imp (D:3)
  An orc wizard (D:3)
  Terence (D:3)
  An iguana (D:4)
  An adder (D:2)
  2 worms
  A dart slug (D:1)
  6 orcs
  2 ball pythons (D:1)
  2 bats (D:1)
  3 giant cockroaches
  5 goblins
  3 hobgoblins
  4 jackals
  5 giant newts
  6 kobolds
  3 rats
47 creatures vanquished.

Notes
Turn   | Place    | Note
--------------------------------------------------------------
     0 | D:1      | graki42 the Deep Elf Conjurer began the quest for the Orb.
     0 | D:1      | Reached XP level 1. HP: 10/10 MP: 6/6
    73 | D:1      | Identified a +1 pair of boots of running (You found it on level 1 of the Dungeon)
   174 | D:1      | Reached XP level 2. HP: 15/15 MP: 6/8
   178 | D:1      | Learned a level 2 spell: Searing Ray
   516 | D:1      | Reached skill level 5 in Conjurations
   916 | D:2      | Reached XP level 3. HP: 19/19 MP: 6/9
  1401 | D:3      | Reached XP level 4. HP: 24/24 MP: 11/11
  1446 | D:3      | Learned a level 3 spell: Dazzling Spray
  1451 | D:3      | Learned a level 4 spell: Iskenderun's Mystic Blast
  1472 | D:3      | Noticed Terence
  1488 | D:3      | Killed Terence
  1545 | D:3      | Found an opulent altar of Gozag.
  1590 | D:3      | Reached skill level 6 in Conjurations
  1590 | D:3      | Reached XP level 5. HP: 28/28 MP: 13/13
  1688 | D:4      | Found a sacrificial altar of Ru.
  1734 | D:4      | Noticed Eustachio
  1755 | D:4      | Slain by Eustachio

Skill      XL: |  1  2  3  4  5 |
---------------+----------------+-----
Conjurations   | 5 6 |  6.2
Stealth        | 3 |  3.1
Spellcasting   | 4 |  4.4
Dodging        | 3 |  3.2

Action                   |  1- 3 |  4- 6 || total
-------------------------+-------+-------++-------
Melee: Dagger            |       |     5 ||     5
 Cast: Magic Dart        |    70 |    22 ||    92
       Searing Ray       |     1 |     5 ||     6
       Iskenderun's Myst |       |     2 ||     2
       Dazzling Spray    |       |     1 ||     1
  Eat: Chunk             |     1 |     1 ||     2
Armor: Robe              |     2 |    10 ||    12
Dodge: Dodged            |     4 |    19 ||    23
